 Dungeon Crawl Stone Soup version 0.28.0 (webtiles) character file.

Game seed: 7393778091598949183

755 trckry the Vandal (level 7, 0/54 HPs)
             Began as a Demonspawn Wanderer on Feb 12, 2022.
             Was a Priest of Fedhas.
             Slain by an orc wizard (3 damage)
             ... on level 6 of the Dungeon.
             The game lasted 00:11:02 (3622 turns).

trckry the Vandal (Demonspawn Wanderer)             Turns: 3622, Time: 00:11:03

Health: 0/54       AC:  9    Str: 13    XL:     7   Next: 49%
Magic:  11/11      EV: 10    Int: 12    God:    Fedhas [***...]
Gold:   180        SH:  0    Dex: 15    Spells: 6/6 levels left

rFire   . . .      SeeInvis .   b - +0 spear
rCold   . . .      Faith    .   (no shield)
rNeg    . . .      Spirit   .   f - +0 ring mail
rPois   .          Reflect  .   (no helmet)
rElec   .          Harm     .   (no cloak)
rCorr   .          Rampage  .   l - +0 pair of gloves
Will    .....                   (no boots)
Stlth   ..........              (no amulet)
HPRegen 0.18/turn               m - +4 ring of slaying
MPRegen 0.12/turn               (no ring)

@: confused
A: hooves 2, molten scales 1, demonic guardian 2
a: Renounce Religion, Wall of Briars, Grow Ballistomycete


You were on level 6 of the Dungeon.
You worshipped Fedhas.
Fedhas was most pleased with you.
You visited 1 branch of the dungeon, and saw 6 of its levels.
You also visited: Sewer.

You collected 180 gold pieces.

Inventory:

Hand Weapons
 a - a +3 hunting sling
 b - a +0 spear (weapon)
Missiles
 c - 29 sling bullets
 e - 168 stones (quivered)
 n - 20 poisoned darts
Armour
 f - a +0 ring mail (worn)
 l - a +0 pair of gloves (worn)
Jewellery
 m - a +4 ring of slaying (left hand)
Wands
 r - a wand of digging (5)
 s - a wand of flame (24)
 t - a wand of paralysis (12)
Scrolls
 d - 3 scrolls of enchant weapon {unknown}
 h - 3 scrolls of identify {unknown}
 i - a scroll of teleportation {unknown}
 j - a scroll of holy word {unknown}
 o - a scroll of fog {unknown}
 p - a scroll of noise {unknown}
Potions
 g - 2 potions of might
 k - 4 potions of heal wounds
 q - 3 potions of flight
 u - a potion of berserk rage {unknown}
 v - 2 potions of mutation {unknown}
Miscellaneous
 w - a piece from Xom's chessboard (15/15)


   Skills:
 - Level 4.0 Fighting
 - Level 1.7 Polearms
 + Level 6.0 Slings
 - Level 4.0 Armour
 + Level 5.5 Invocations


You had 6 spell levels left.
You didn't know any spells.
Your spell library was empty.

Dungeon Overview and Level Annotations

Branches:
Dungeon (6/15)              Sewer (visited)
 Temple: D:4-7

Altars:
Fedhas
Sif Muna


Innate Abilities, Weirdness & Mutations

You have hoof-like feet.
You are partially covered in molten scales. (AC +2)
A demonic guardian rushes to your aid.


Message History

Something hits you but does no damage.
You are too injured to fight recklessly!
You are too injured to fight recklessly!
You are too injured to fight recklessly!
You are too injured to fight recklessly!
You are too injured to fight recklessly!
You are too injured to fight recklessly!
You are too injured to fight recklessly!
You are too injured to fight recklessly!
You are too injured to fight recklessly!
You are too injured to fight recklessly!
You are too injured to fight recklessly!
You are too injured to fight recklessly!
The orc warrior hits you with a +0 halberd.
You hit the orc warrior but do no damage.
You kick the orc warrior, but do no damage.
The orc warrior misses you. Something hits you but does no damage.
You closely miss the orc warrior.
The orc warrior hits you with a +0 halberd!
* * * LOW HITPOINT WARNING * * *
A demonic guardian appears!
You hear some strange, mumbled words.
You are confused.
The orc warrior barely misses you.
You completely miss something. Something hits you but does no damage.
The orc warrior hits you but does no damage.
You barely miss something. Your kick misses something.
Something hits you but does no damage. The orc warrior misses you.
Your hellwing hits the orc warrior. x2
You barely miss the orc warrior.
You kick the orc warrior, but do no damage.
The orc warrior is moderately wounded.
Something hits you but does no damage.
The orc warrior hits you with a +0 halberd!
* * * LOW HITPOINT WARNING * * *
Your hellwing closely misses the orc warrior.
Your hellwing completely misses the orc warrior.
Something hits you.
You die...
Fedhas appreciates your contribution to the ecosystem.

####### ##
###..... ..
##[.>.... .
#.......####.#
##......)...#.##..
................[.
#.........4o#
.#.#.....{.#.#
#...).###@#.#
#...#/...........
#.###..##..######
#..[....#.....
#######'#..##
...........#
###........#
#......#.#
#######.).#.#


You could see an orc warrior (ally target) and a friendly hellwing (summoned).

Vanquished Creatures
  An orc warrior (D:6)
  Pargi (D:3)
  An ice beast (D:3)
  2 kobold brigands (Sewer)
  A howler monkey (D:5)
  2 hounds (D:3)
  An iguana (D:5)
  A hound skeleton (D:3)
  A river rat (Sewer)
  8 adders
  3 worms
  2 dart slugs
  7 orcs
  5 endoplasms
  7 giant cockroaches
  7 goblins
  4 hobgoblins
  8 jackals
  3 quokkas
  6 ball pythons
  3 bats
  4 frilled lizards
  13 kobolds
  15 rats
106 creatures vanquished.

Vanquished Creatures (collateral kills)
  A river rat (Sewer)
  A ballistomycete spore (Sewer)
2 creatures vanquished.

Grand Total: 108 creatures vanquished

Notes
Turn   | Place    | Note
-------+----------+-------------------------------------------
     0 | D:1      | trckry the Demonspawn Wanderer began the quest for the Orb.
     0 | D:1      | trckry set off with the following items: a +3 hunting
                  | sling, 21 sling bullets, a +0 spear, a +0 robe
     0 | D:1      | Reached XP level 1. HP: 16/16 MP: 1/1
   226 | D:1      | Found a faded altar of an unknown god.
   241 | D:1      | Prayed at the altar of an unknown god.
   241 | D:1      | Became a worshipper of Fedhas Madash
   241 | D:1      | Reached * piety under Fedhas
   284 | D:1      | Gained mutation: You have large cloven feet. [demonic
                  | ancestry]
   284 | D:1      | Reached XP level 2. HP: 20/23 MP: 2/2
  1096 | D:2      | Gained mutation: You have hoof-like feet. [demonic
                  | ancestry]
  1096 | D:2      | Reached XP level 3. HP: 28/28 MP: 3/3
  1181 | D:2      | Reached skill level 1 in Invocations
  1355 | D:2      | Found a shimmering blue altar of Sif Muna.
  1399 | D:2      | Reached ** piety under Fedhas
  1510 | D:2      | Gained mutation: You are partially covered in molten
                  | scales. (AC +2) [demonic ancestry]
  1510 | D:2      | Reached XP level 4. HP: 35/35 MP: 5/5
  1823 | D:3      | Noticed an ice beast
  1841 | D:3      | Killed an ice beast
  1842 | D:3      | Reached skill level 5 in Slings
  1842 | D:3      | Reached XP level 5. HP: 41/41 MP: 5/7
  2113 | D:3      | Found a glowing drain.
  2130 | D:3      | Gained mutation: A weak demonic guardian rushes to your
                  | aid. [demonic ancestry]
  2130 | D:3      | Reached XP level 6. HP: 45/48 MP: 8/8
  2152 | Sewer    | Entered a sewer
  2236 | Sewer    | Reached *** piety under Fedhas
  2255 | Sewer    | HP: 7/48 [poisoned by a kobold]
  2611 | D:3      | Noticed Pargi
  2640 | D:3      | Killed Pargi
  2641 | D:3      | Gained mutation: A demonic guardian rushes to your aid.
                  | [demonic ancestry]
  2641 | D:3      | Reached XP level 7. HP: 10/54 MP: 10/10
  3161 | D:5      | Entered Level 5 of the Dungeon
  3215 | D:5      | Reached skill level 5 in Invocations
  3309 | D:6      | HP: 3/54 [orc warrior (13)]
  3311 | D:6      | Reached skill level 6 in Slings
  3621 | D:6      | HP: 3/54 [orc warrior (12)]
  3622 | D:6      | Slain by an orc wizard

Illustrated notes

Levels and vault maps discovered:
D:1:      dpeg_arrival_rooms_c, layout_loops_ring,
          ebering_ecumenical_altar_hall, minivault_23
D:2:      layout_basic, basic_altar
D:3:      layout_basic, portal_sewer_entry_b, grunt_decor_mini_mirrors,
          minmay_divided_ellipse, uniq_pargi
D:4:      layout_cave_pools, nicolae_ossuary_entry_catacombs
D:5:      layout_gridville
D:6:      layout_basic, minmay_temple_entry_statues_fountains, serial_shops,
          nicolae_shop_hallway_stairs, hellmonk_bongcloud_opening,
          sigmund_edmund_badplayer

Skill      XL: |  1  2  3  4  5  6  7 |
---------------+----------------------+-----
Invocations    | 1 2 3 4 5 |  5.5
Armour         | 2 3 4 |  4.0
Fighting       | 3 4 |  4.0
Slings         | 5 6 |  6.0
Polearms       | |  1.7

Action                   |  1- 3 |  4- 6 |  7- 9 || total
-------------------------+-------+-------+-------++-------
Melee: Spear             |    91 |       |    52 ||   143
       Kick              |    14 |       |    14 ||    28
       Punch             |       |       |     1 ||     1
 Fire: Hunting sling     |    43 |   129 |     4 ||   176
Invok: Grow Ballistomyce |       |     1 |       ||     1
  Use: Potion            |       |     2 |       ||     2
Armor: Ring mail         |    38 |    40 |    31 ||   109
Dodge: Dodged            |    41 |    56 |    34 ||   131
